 Dungeon Crawl Stone Soup version 0.22-a0-601-gb0ed703 (webtiles) character file.

1405 sking99 the Grappler (level 8, 0/66 HPs)
             Began as a Purple Draconian Transmuter on July 6, 2018.
             Was an Initiate of Gozag.
             Slain by an orc warrior
             ... wielding a +0 trident
              (6 damage)
             ... on level 6 of the Dungeon.
             The game lasted 00:19:16 (6703 turns).

sking99 the Grappler (Purple Draconian Transmuter)  Turns: 6703, Time: 00:19:16

Health: 0/66       AC:  7    Str: 17    XL:     8   Next: 42%
Magic:  13/13      EV: 12    Int: 15    God:    Gozag
Gold:   313        SH:  3    Dex:  7    Spells: 11/14 levels left

rFire    . . .     SeeInvis +     - Unarmed
rCold    . . .     Gourm    .   (no shield)
rNeg     . . .     Faith    .   (armour unavailable)
rPois    .         Spirit   .   (helmet restricted)
rElec    .         Reflect  +   (no cloak)
rCorr    .         Harm     .   k - +0 pair of gloves of Rotation {MR++ Str+4 Dex-5 SInv}
MR       +++..                  (no boots)
Stlth    +.........             b - +3 amulet of reflection
HPRegen  0.21/turn              (no ring)
MPRegen  0.13/turn              (no ring)

@: heavily drained
A: breathe power, unfitting armour, cold-blooded, AC +6
a: Breathe Dispelling Energy, Potion Petition, Call Merchant, Bribe Branch,
Renounce Religion


You were on level 6 of the Dungeon.
You worshipped Gozag.
Gozag was aware of your devotion.
You were not hungry.

You visited 1 branch of the dungeon, and saw 6 of its levels.

You collected 862 gold pieces.
You spent 503 gold pieces at shops.
You paid 46 gold pieces to Gozag.

Inventory:

Missiles
 a - 42 arrows (quivered)
Armour
 k - the +0 pair of gloves of Rotation (worn) {MR++ Str+4 Dex-5 SInv}
   (You bought it in a shop on level 4 of the Dungeon)

   It affects your strength (+4).
   It affects your dexterity (-5).
   It affects your resistance to hostile enchantments.
   It lets you see invisible.
Jewellery
 b - a +3 amulet of reflection (around neck)
Wands
 p - a wand of paralysis (27)
Scrolls
 d - 2 scrolls of immolation
 j - a scroll of enchant weapon
 l - a scroll of enchant armour
 n - 2 scrolls of amnesia
 o - a scroll of remove curse
 q - 2 scrolls of fog
Potions
 e - a potion of agility
 f - a potion of flight {unknown}
 g - 2 potions of cancellation
 h - a potion of mutation {unknown}
 i - 9 potions of curing
 m - a potion of invisibility {unknown}
 r - 3 potions of heal wounds
 s - a potion of resistance {unknown}


   Skills:
 + Level 3.8(2.7) Fighting
 + Level 3.2(2.1) Dodging
 * Level 8.4(7.1) Unarmed Combat
 - Level 3.6(2.4) Spellcasting
 - Level 4.5(3.4) Transmutations


You had 11 spell levels left.
You knew the following spells:

 Your Spells              Type           Power        Failure   Level  Hunger
a - Beastly Appendage     Tmut           ##....       5%          1    #......
b - Sticks to Snakes      Tmut           ##......     8%          2    ###....

Your spell library contained the following spells:

 Spells                   Type           Power        Failure   Level  Hunger
 Magic Dart               Conj           #...         22%         1    #......
 Conjure Flame            Conj/Fire      #.......     54%         3    ###....
 Slow                     Hex            #.......     32%         2    ###....
 Mephitic Cloud           Conj/Pois/Air  #.......     54%         3    ###....
 Blink                    Tloc           N/A          32%         2    ###....
 Call Imp                 Summ           #.......     32%         2    ###....
 Spider Form              Tmut/Pois      #.........   32%         3    ###....
 Blade Hands              Tmut           ##........   82%         5    ######.
 Ice Form                 Ice/Tmut       #.......     71%         4    #####..


Dungeon Overview and Level Annotations

Branches:
Dungeon (6/15)
 Temple: D:4-7

Altars:
Gozag
Xom

Shops:
D:4 !}(*[


Innate Abilities, Weirdness & Mutations

You can breathe bolts of dispelling energy.
Your rich purple scales are hard. (AC +6)
You cannot fit into any form of body armour.
You are cold-blooded and may be slowed by cold attacks.


Message History

The orc warrior is heavily wounded.
The orc warrior hits you with a trident!!
You hit the orc warrior.
The orc warrior is heavily wounded.
The orc warrior hits you with a trident.
You hit the orc warrior but do no damage.
The orc warrior is heavily wounded.
The orc warrior hits you but does no damage.
You hit the orc warrior.
The orc warrior is severely wounded.
You hit the orc warrior.
The orc warrior is severely wounded.
The orc warrior hits you with a trident!
You hit the orc warrior.
The orc warrior is almost dead.
The orc warrior hits you with a trident!
* * * LOW HITPOINT WARNING * * *
The orc warrior hits you from afar with a trident.
You die...
Your body crumbles into a pile of gold.

####.......#######..########
...+.......'................
####.......########.######.#
..............# #..........
#############.# #..........
#.####..........
#.##......####.# #.##.##'#.#
# #.##@##.#.# #.##.##.#.#
..#8o8#.#.. ###.Z.#.. .
#8.8### ≈...≈ ≈≈8.8≈≈
≈≈#+#≈≈ ≈.# #.≈


You could see an orc warrior and a bullfrog skeleton.

Vanquished Creatures
  Prince Ribbit (D:6)
  An ice beast (D:5)
  A phantom (D:6)
  7 wights
  3 jellies (D:5)
  2 crimson imps
  A bullfrog zombie (D:6)
  An orc priest (D:4)
  4 orc wizards
  An iguana (D:4)
  2 worker ants (D:4)
  A hound skeleton (D:5)
  Robin (D:2)
  6 adders
  An adder zombie (D:6)
  An ooze (D:1)
  A worm (D:3)
  2 dart slugs
  6 leopard geckos
  10 orcs
  6 bats
  4 giant cockroaches
  19 goblins
  6 hobgoblins
  10 jackals
  8 kobolds
  A quokka (D:4)
  A ball python (D:4)
  4 frilled lizards
  2 quokka skeletons (D:4)
  A quokka zombie (D:6)
  6 rats
121 creatures vanquished.

Vanquished Creatures (collateral kills)
  Sigmund (D:2)
  A centaur (D:6)
  A worm (D:3)
  A dart slug (D:3)
  An orc (D:5)
  2 hobgoblins (D:3)
  A rat (D:2)
8 creatures vanquished.

Grand Total: 129 creatures vanquished

Notes
Turn   | Place    | Note
-------+----------+-------------------------------------------
     0 | D:1      | sking99 the Draconian Transmuter began the quest for the Orb.
     0 | D:1      | Reached XP level 1. HP: 16/16 MP: 3/3
   118 | D:1      | Reached XP level 2. HP: 14/23 MP: 5/5
   588 | D:1      | Reached XP level 3. HP: 21/29 MP: 6/6
   673 | D:1      | Learned a level 2 spell: Sticks to Snakes
   878 | D:2      | Noticed Robin
   884 | D:2      | Reached skill level 4 in Unarmed Combat
   983 | D:2      | Noticed Sigmund
  1926 | D:2      | Killed Sigmund
  1926 | D:2      | Reached skill level 5 in Unarmed Combat
  1926 | D:2      | Reached XP level 4. HP: 15/36 MP: 0/8
  1926 | D:2      | Reached XP level 5. HP: 17/41 MP: 0/9
  2141 | D:2      | Found an opulent altar of Gozag.
  2156 | D:2      | Became a worshipper of Gozag Ym Sagoz the Greedy
  2165 | D:2      | Killed Robin
  3740 | D:4      | Found Jocit's General Store.
  3744 | D:4      | Bought a potion of agility for 56 gold pieces
  3834 | D:4      | Learned a level 1 spell: Beastly Appendage
  3888 | D:4      | Found Buecvah's Gadget Boutique.
  3889 | D:4      | Found Orghitooh's Antique Weapon Emporium.
  3899 | D:4      | Reached XP level 6. HP: 48/48 MP: 10/10
  4027 | D:4      | Reached skill level 6 in Unarmed Combat
  4212 | D:4      | Found Hujirph's Antique Armour Shop.
  4241 | D:4      | Bought a pair of bloodstained gloves for 304 gold pieces
  4246 | D:4      | Identified the +0 pair of gloves of Rotation {MR++ Str+4 Dex-5 SInv} (You bought it in a shop on level 4 of the Dungeon)
  4519 | D:4      | Found Tudghila's Distillery.
  4522 | D:4      | Bought a potion of heal wounds for 65 gold pieces
  4522 | D:4      | Bought 2 potions of curing for 78 gold pieces
  4626 | D:5      | Entered Level 5 of the Dungeon
  4638 | D:5      | Your scales start taking on a rich purple colour.
  4638 | D:5      | Reached XP level 7. HP: 50/55 MP: 12/12
  4770 | D:5      | Reached skill level 7 in Unarmed Combat
  5472 | D:6      | Noticed Prince Ribbit
  5504 | D:6      | Killed Prince Ribbit
  5790 | D:6      | Found a shimmering altar of Xom.
  5808 | D:6      | Reached XP level 8. HP: 41/62 MP: 13/13
  6006 | D:6      | Reached skill level 8 in Unarmed Combat
  6703 | D:6      | Slain by an orc warrior

Vault maps used:
D:1:      tarquinn_simple_flora_water_f, minmay_misc_feat_cross
D:2:      first_ration, nicolae_gozag_seed_capital, uniq_sigmund, uniq_robin
D:4:      serial_shops, shop, nicolae_shop_behind_doors, nicolae_shop_stone,
          shop, shop
D:6:      kennysheep_orc_sif_temple, grunt_temple_overflow_open,
          xom_teletrap_fun, uniq_blork_the_orc, uniq_prince_ribbit1

Skill      XL: |  1  2  3  4  5  6  7  8 |
---------------+-------------------------+-----
Fighting       | 2 3 |  3.8
Unarmed Combat | 5 6 7 8 |  8.4
Transmutations | 3 4 |  4.5
Spellcasting   | 3 |  3.6
Dodging        | 2 3 |  3.2

Action                   |  1- 3 |  4- 6 |  7- 9 || total
-------------------------+-------+-------+-------++-------
Melee: Unarmed           |   153 |   195 |   187 ||   535
       Headbutt          |    11 |     2 |       ||    13
       Tailslap          |    10 |    20 |    15 ||    45
       Kick              |     4 |     1 |       ||     5
       Punch             |     4 |     9 |     4 ||    17
 Cast: Beastly Appendage |    19 |     4 |       ||    23
       Sticks to Snakes  |     2 |     5 |     8 ||    15
Invok: Potion Petition   |       |     1 |       ||     1
 Abil: Breathe Dispellin |       |       |     4 ||     4
  Use: Scroll            |       |    11 |       ||    11
 Stab: Sleeping          |     1 |     1 |       ||     2
       Distracted        |       |       |     2 ||     2
  Eat: Chunk             |     4 |     1 |       ||     5
       Ration            |       |     3 |     2 ||     5
Armor: Skin              |    70 |    53 |    48 ||   171
Dodge: Dodged            |   110 |    98 |    75 ||   283
Block: Other             |       |    25 |    18 ||    43
       Reflection        |       |       |     3 ||     3

Table legend:
 A = Spawn XP
 B = Non-spawn XP
 C = Spawn XP percentage of total XP
 D = Spawn monster count
 E = Non-spawn monster count
 F = Spawn count percentage of total count
 G = Total turns spent on level
                    A         B        C        D         E        F      G
               +---------+---------+-------+---------+---------+-------+---------
         Total |       0 |    2008 |   0.0 |       0 |     129 |   0.0 |  6703
               +---------+---------+-------+---------+---------+-------+---------
           D:1 |       0 |      60 |   0.0 |       0 |      30 |   0.0 |  1580
           D:2 |       0 |     232 |   0.0 |       0 |      22 |   0.0 |  1171
           D:3 |       0 |      78 |   0.0 |       0 |      19 |   0.0 |   973
           D:4 |       0 |     320 |   0.0 |       0 |      25 |   0.0 |   902
           D:5 |       0 |     555 |   0.0 |       0 |      21 |   0.0 |  1350
           D:6 |       0 |     763 |   0.0 |       0 |      12 |   0.0 |   727
               +---------+---------+-------+---------+---------+-------+---------
